 Dungeon Crawl Stone Soup version 0.30-a0-782-ge64f9170bb (webtiles) character file.

Game seed: 569464921396798578

3392 112233 the Magician (level 10, -7/75 HPs)
             Began as a Djinni Air Elementalist on Mar 1, 2023.
             Mangled by a gargoyle
             ... wielding a +0 morningstar
              (21 damage)
             ... on level 7 of the Dungeon.
             The game lasted 00:07:33 (9423 turns).

112233 the Magician (Djinni Air Elementalist)       Turns: 9423, Time: 00:07:34

Health: -7/75      AC:  6    Str:  7    XL:     10   Next: 24%
Gold:   446        EV: 17    Int: 21    God:
                   SH:  5    Dex: 20

rFire   + + .      SeeInvis .    k - +0 dire flail
rCold   x . .      Faith    .    (shield currently unavailable)
rNeg    + . .      Spirit   .    a - +0 robe
rPois   ∞          Reflect  +    e - +1 helmet
rElec   .          Harm     .    c - +0 cloak
rCorr   .          Rampage  .    F - +0 pair of gloves
Will    +....                    (boots unavailable)
Stlth   ++                       w - amulet of reflection
HPRegen 0.32/turn                i - ring of positive energy
MPRegen 0.00/turn                t - +6 ring of dexterity

@: about to teleport, flying
A: sickness immunity, fire resistance 2, cold vulnerability 1, float, innate
caster, HP casting, extra vitality 1
a: no special abilities


You were on level 7 of the Dungeon.
You visited 1 branch of the dungeon, and saw 7 of its levels.

You collected 446 gold pieces.

Inventory:

Hand Weapons
 k - a +0 dire flail (weapon)
Armour
 a - a +0 robe (worn)
 c - a +0 cloak (worn)
 e - a +1 helmet (worn)
 q - a +0 buckler
 s - a scarf of harm
 E - the +1 ring mail "Ikkar" {Str+4}
   (You found it on level 6 of the Dungeon)

   Str:       It affects your strength (+4).
 F - a +0 pair of gloves (worn)
Jewellery
 i - a ring of positive energy (left hand)
 t - a +6 ring of dexterity (right hand)
 w - an amulet of reflection (around neck)
 H - a ring of protection from cold
Wands
 b - a wand of flame (7)
 y - a wand of roots (1)
Scrolls
 f - a scroll of noise
 g - 2 scrolls of immolation
 j - a scroll of magic mapping
 n - 2 scrolls of vulnerability
 o - a scroll of poison
 v - a scroll of fog
 A - 2 scrolls of fear
 C - a scroll of enchant armour {unknown}
 D - 2 scrolls of identify
Potions
 d - 5 potions of flight {unknown}
 h - a potion of brilliance
 l - 3 potions of degeneration
 m - 2 potions of attraction {unknown}
 p - 3 potions of resistance {unknown}
 u - a potion of ambrosia {unknown}
 x - 2 potions of berserk rage {unknown}
 z - 3 potions of curing {unknown}
 B - a potion of mutation {unknown}
 G - a potion of invisibility {unknown}
 I - a potion of magic {unknown}


   Skills:
 * Level 7.4 Fighting
 + Level 7.6 Dodging
 - Level 1.8 Stealth
 * Level 7.7 Spellcasting


You had 4 spell levels left.
You knew the following spells:

 Your Spells              Type           Power      Damage    Failure   Level
a - Shock                 Conj/Air       100%       1d9       1%          1
b - Static Discharge      Conj/Air       80%        2-6/arc   1%          2
c - Airstrike             Air            20%        2d(3-19)  3%          4
d - Anguish               Hex/Necr       20%        N/A       3%          4
e - Beastly Appendage     Tmut           80%        N/A       1%          1
f - Wereblood             Tmut           40%        N/A       1%          2
g - Call Canine Familiar  Summ           40%        N/A       1%          3
h - Swiftness             Air            40%        N/A       1%          3
Your spell library was empty.

Dungeon Overview and Level Annotations

Branches:
Dungeon (7/15)
 Temple: D:4-7

Altars:
Fedhas
Uskayaw
Wu Jian
The Shining One

Shops:
D:1 (   D:2 !   D:4 ?[!

Annotations:
D:3 1 runed translucent door, duumipappa's ghost, amateur TrFi


Innate Abilities, Weirdness & Mutations

You are immune to sickness and miasma.
You are immune to poison.
Your flesh is very heat resistant. (rF++)
You are vulnerable to cold. (rC-)
You float through the air rather than walking.
You learn spells naturally, not from books.
Your magical power is your life essence.
You have superior vitality. (+4 MHP)


Message History

The roots release their grip on the gargoyle.
Unknown command.
Casting: Airstrike (dangerous; 3% risk of failure)
Confirm with . or Enter, or press ? or * to list all spells.
Aiming: Airstrike (dangerous; 3% risk of failure)
Press: ? - help, Dir - move target, f - gargoyle
Aim: a gargoyle, wielding a +0 morningstar (lightly damaged, empty space bonus: 2/8)
The air twists around and strikes the gargoyle.
The gargoyle is lightly damaged.
You hear a shout!
The gargoyle hits you with a +0 morningstar!
A two-headed ogre comes into view. It is wielding two +0 giant clubs.
You hear an angry hiss.
Unknown command.
The air fills with toxic fumes!
As you read the scroll labelled IMILARHEPA, it crumbles to dust.
It was a scroll of poison.
The gargoyle hurls a stone arrow at you.
The stone arrow hits you!!
Unknown command.
As you read the scroll labelled NUALAT WUBLAI, it crumbles to dust.
You assume a fearsome visage.
The gargoyle is unaffected.
It was a scroll of fear.
The gargoyle hurls a stone arrow at you.
The stone arrow hits you!
* * * LOW HITPOINT WARNING * * *
Unknown command.
Okay, then.
As you read the scroll labelled CUVIEKHL GIELOBB, it crumbles to dust.
You hear a loud clanging noise!
It was a scroll of noise.
You hear a shout! x2; You hear an angry growl.
You hear a shout! x6
Something shouts, "Take thy face hence, thou dissembling ditch-delivered wagtail!"
You hear a shout! x3; You hear a loud, deep croak!
You block the gargoyle's attack.
Unknown command.
As you read the scroll labelled KAIGOZUI LOERU, it crumbles to dust.
You feel strangely unstable.
It was a scroll of teleportation.
The gargoyle hits you with a +0 morningstar!!
You die...

###...[....# .
##########........# #...
....§§§§..........#.....
.....§§§......)...'.....
##.###§§##........#.....
##§§######)#...... ##§§#
#.#...#.. ##§# #)#...#
#@# #....)# #9# ##....#
§§# ##...# †#§# ##..#
§§#§# #####.# §§ ###
###..##.# §§# .##..#.#
§§# .##...# .##..#


You could see a gargoyle.

Vanquished Creatures
  Sigmund (D:4)
  Eustachio (D:6)
  Menkaure (D:6)
  4 water moccasins
  2 ice beasts (D:6)
  2 black bears
  A sky beast (D:7)
  A centaur (D:6)
  2 phantoms
  2 necrophages
  A bullfrog (D:7)
  3 scorpions
  8 wights (D:7)
  6 killer bees (D:6)
  4 orc priests
  5 hounds
  4 jellies
  3 iguanas
  Ijyb (D:3)
  5 orc wizards
  6 gnolls
  6 adders
  A shadow imp (D:6)
  A white imp (D:6)
  3 ufetubi
  2 dart slugs
  12 orcs
  3 ball pythons
  2 bats
  7 endoplasms
  A giant cockroach (D:1)
  9 goblins
  8 hobgoblins
  10 jackals
  3 kobolds
  A quokka (D:1)
  7 rats
139 creatures vanquished.

Notes
Turn   | Place    | Note
-------+----------+-------------------------------------------
     0 | D:1      | 112233 the Djinni Air Elementalist began the quest for the
                  | Orb.
     0 | D:1      | 112233 set off with the following spells memorised: Shock,
                  | Static Discharge, Swiftness, Airstrike.
     0 | D:1      | Reached XP level 1. HP: 15/15 MP: 0/0
   107 | D:1      | Reached XP level 2. HP: 20/21 MP: 0/0
   355 | D:1      | Found Uroxiril's Weapon Boutique.
   802 | D:2      | Reached XP level 3. HP: 21/26 MP: 0/0
   802 | D:2      | Learned a level 1 spell: Beastly Appendage
   911 | D:3      | Noticed Ijyb
   911 | D:3      | Noticed a scorpion
   951 | D:3      | Killed Ijyb
   952 | D:3      | Reached skill level 1 in Fighting
   952 | D:3      | Reached XP level 4. HP: 19/32 MP: 0/0
   956 | D:3      | Killed a scorpion
   957 | D:3      | Reached XP level 5. HP: 8/38 MP: 0/0
   957 | D:3      | Learned a level 2 spell: Wereblood
  1662 | D:2      | Found Nulumo Fayxt's Distillery.
  1731 | D:3      | Noticed duumipappa's ghost (amateur TrFi)
  1861 | D:3      | Found a runed translucent door.
  2158 | D:3      | Found a glowing golden altar of the Shining One.
  2230 | D:3      | Found a blossoming altar of Fedhas.
  2269 | D:3      | You are sucked into a shaft and drop 1 floor!
  2290 | D:4      | Noticed Sigmund
  2306 | D:5      | Entered Level 5 of the Dungeon
  2569 | D:5      | Reached XP level 6. HP: 40/43 MP: 0/0
  3117 | D:5      | Noticed a black bear
  3797 | D:2      | Found an ornate altar of the Wu Jian Council.
  3963 | D:3      | Reached XP level 7. HP: 5/49 MP: 0/0
  3963 | D:3      | Learned a level 3 spell: Call Canine Familiar
  4482 | D:4      | Found Yschausk's Distillery.
  4627 | D:4      | Found a hide-covered altar of Uskayaw.
  4827 | D:4      | Killed Sigmund
  5110 | D:4      | Found Elyugh's Antique Armour Boutique.
  5282 | D:4      | Reached skill level 5 in Spellcasting
  5342 | D:4      | Reached skill level 5 in Dodging
  5342 | D:4      | Reached XP level 8. HP: 38/58 MP: 0/0
  5816 | D:4      | Found Alauky's Magic Scroll Shoppe.
  6614 | D:6      | HP: 1/58 [/static electricity (3)]
  7041 | D:6      | Reached XP level 9. HP: 45/64 MP: 0/0
  7041 | D:6      | Learned a level 4 spell: Anguish
  7045 | D:6      | Reached skill level 5 in Fighting
  7596 | D:6      | Identified the +1 ring mail "Ikkar" {Str+4}
  7713 | D:6      | Noticed Menkaure
  7715 | D:6      | Killed Menkaure
  7921 | D:6      | Noticed Eustachio
  7925 | D:6      | Killed Eustachio
  8866 | D:7      | Reached XP level 10. HP: 61/73 MP: 0/0
  9415 | D:7      | Noticed a gargoyle
  9419 | D:7      | Noticed a two-headed ogre
  9423 | D:7      | Mangled by a gargoyle

Illustrated notes

Levels and vault maps discovered:
D:1:      dpeg_arrival_shrine, layout_rooms, serial_shops,
          nicolae_shop_bloodbath_and_beyond, nrook_mini_backslash
D:2:      layout_basic, serial_shops, shop, basic_altar
D:3:      layout_loops_cross, lemuel_doored_altar, general_overflow_altar,
          hellmonk_ghost_happy_afterlife, uniq_ijyb
D:4:      cheibrodos_greedy_goblins, layout_layer_cave,
          nicolae_uskayaw_dance_hall, serial_shops, kennysheep_mini_moat,
          shop_fountains, shop, uniq_sigmund
D:5:      layout_basic, serial_corexii_hall, chequers_hall_statues_corner_a,
          corexii_hall_statues_x, corexii_hall_statues_i, corexii_hall_statues_u
D:6:      layout_cave_pools, serial_glass, glass_columns_a, glass_columns_b,
          minmay_pentangle, uniq_menkaure, uniq_eustachio
D:7:      minmay_the_grid_octo_triangle [minmay_the_grid_octo_teeth,
          minmay_the_grid_octo_prize_star, minmay_the_grid_octo_checkerflower],
          layout_basic, okawaru_humans, ashenzari_conservatory_becter,
          mrwooster_statue_mirror, minmay_crossroads

Skill      XL: |  1  2  3  4  5  6  7  8  9 10 |
---------------+-------------------------------+-----
Fighting       | 1 2 3 4 6 7 |  7.4
Spellcasting   | 3 4 5 6 7 |  7.7
Dodging        | 3 4 5 6 7 |  7.6
Stealth        | |  1.8

Action                     |  1- 3 |  4- 6 |  7- 9 | 10-12 || total
---------------------------+-------+-------+-------+-------++-------
  Melee: Unarmed           |    14 |       |       |       ||    14
         Dire flail        |    18 |    13 |     4 |       ||    35
   Cast: Shock             |    36 |    80 |    82 |       ||   198
         Static Discharge  |     7 |    13 |    19 |       ||    39
         Airstrike         |       |       |    71 |    25 ||    96
         Call Canine Famil |       |       |       |     1 ||     1
  Evoke: Wand              |       |       |       |     1 ||     1
    Use: Scroll            |     4 |       |     4 |     4 ||    12
         Potion            |     3 |       |       |     1 ||     4
   Stab: Sleeping          |     1 |       |       |       ||     1
 Armour: Robe              |    20 |    12 |    14 |       ||    46
  Dodge: Dodged            |    42 |    42 |    50 |       ||   134
  Block: Other             |       |       |    12 |     1 ||    13

Table legend: (Time is in decaauts)
 A = Elapsed time spent in this place.
 B = Non-inter-level travel time spent in this place.
 C = Inter-level travel time spent in this place.
 D = Time resting spent in this place.
 E = Time spent auto-exploring this place.
 F = Levels seen in this place.
 G = Mean time per level.
                   A        B        C        D        E       F      G
               +--------+--------+--------+--------+--------+-----+--------+
         Total |   9440 |   8958 |    482 |   2402 |   5673 |   7 | 1348.6 |
       Dungeon |   9440 |   8958 |    482 |   2402 |   5673 |   7 | 1348.6 |
               +--------+--------+--------+--------+--------+-----+--------+

Top non-repeatable levels by time:
     D:5: 2077 daAuts
     D:3: 1942 daAuts
     D:4: 1617 daAuts
     D:6: 1516 daAuts
     D:2: 805 daAuts
     D:1: 766 daAuts
     D:7: 715 daAuts
